Map: Winter's Gate LE

Players

Mez - Winner!

  • Race: Terran Terran
  • League: Master
  • Spawn Location: 11:00

ȎlȎ

  • Race: Protoss Protoss
  • League: Master
  • Spawn Location: 5:00

VOD

Have the link to the VOD?

Description

Time

  • Played on: Sept. 9, 2019, 11:41 a.m.
  • Length: 14:03
Show
View Real Time Build Order
Export as new Build Order

Mez Terran - Winner!

Build Orders: Reaper Expand 

Get SALT Encoding   

  12  0:00  SCV  
  13  0:13  SCV  
  14  0:17  Supply Depot  
  14  0:25  SCV  
  15  0:39  SCV  
  16  0:43  Barracks  
  16  0:47  Refinery  
  16  0:51  SCV  
  17  1:03  SCV  
  18  1:19  SCV  
  19  1:32  Orbital Command, Reaper  
  20  1:40  Command Center  
  20  1:50  Bunker  
  20  1:54  Supply Depot  
  20  1:58  SCV  
  21  2:04  Marine  
  22  2:12  SCV  
  23  2:17  Factory  
  23  2:21  Refinery  
  23  2:27  Barracks Reactor  
  23  2:32  SCV  
  24  2:45  SCV  
  25  2:59  SCV  
  25  3:00  Orbital Command  
  25  3:01  Widow Mine  
  25  3:02  Starport  
  28  3:06  Marine  
  28  3:07  Marine  
  28  3:12  SCV  
  31  3:23  Factory Tech Lab  
  31  3:24  Marine x2  
  31  3:26  SCV x2  
  35  3:32  Supply Depot  
  35  3:38  SCV x2  
  35  3:40  Viking  
  39  3:42  Cyclone  
  42  3:50  SCV x2, Marine x2  
  46  3:57  Supply Depot  
  46  4:02  SCV  
  46  4:03  SCV  
  46  4:09  Barracks  
  48  4:15  SCV x2  
  50  4:17  Cyclone  
  43  4:34  Viking x2  
  43  4:37  Marine  
  45  4:43  Bunker  
  45  4:46  Supply Depot  
  45  4:54  Mag-Field Accelerator  
  45  4:55  Marine  
  45  4:59  Marine  
  47  5:11  SCV  
  47  5:20  Orbital Command  
  47  5:28  Supply Depot  
  47  5:34  Viking x2  
  48  5:36  Marine  
  48  5:37  Marine  
  50  5:44  Cyclone  
  53  5:57  Marine x2  
  53  6:01  SCV x2  
  57  6:09  Supply Depot  
  54  6:22  Viking  
  58  6:27  Siege Tank  
  58  6:31  Barracks Reactor  
  60  6:33  Barracks Tech Lab  
  59  6:42  SCV  
  59  6:45  Supply Depot, Barracks  
  60  6:51  Stimpack  
  60  6:52  Marine  
  61  6:59  Orbital Command  
  61  7:15  Siege Tank  
  64  7:23  SCV  
  64  7:27  Medivac  
  64  7:28  Marine x3  
  71  7:30  SCV  
  71  7:34  Refinery  
  71  7:35  SCV  
  66  7:42  SCV  
  66  7:46  Barracks Tech Lab, Marine  
  66  7:47  SCV  
  67  7:54  SCV  
  67  7:55  Marine x2  
  70  7:59  SCV  
  71  8:07  SCV  
  71  8:11  SCV, Marine x2  
  75  8:13  Combat Shield, Marine x2  
  75  8:16  Starport Reactor  
  75  8:19  SCV  
  78  8:22  Siege Tank  
  78  8:25  Engineering Bay  
  73  8:29  Marine  
  74  8:34  Marine x2  
  74  8:35  Marine  
  74  8:39  SCV  
  74  8:40  Refinery  
  78  8:48  Concussive Shells  
  78  8:52  Supply Depot  
  78  8:54  Missile Turret  
  78  8:55  Supply Depot  
  78  8:58  Missile Turret  
  78  8:59  Terran Infantry Weapons Level 1  
  78  9:13  Siege Tank, SCV, Marine x3  
  78  9:17  SCV  
  86  9:20  Marine  
  86  9:22  Medivac x2  
  91  9:25  SCV  
  91  9:30  Supply Depot  
  91  9:31  Supply Depot, Marine  
  93  9:39  Marine  
  94  9:51  Command Center  
  94  9:52  Marauder x2  
  98  9:55  Supply Depot x2  
  98  10:01  SCV x2  
  98  10:03  Marine x2  
  102  10:13  Marine  
  103  10:18  Marine  
  103  10:21  Marine x2  
  88  10:38  Marine  
  88  10:41  Medivac x2, Siege Tank  
  96  10:43  Barracks  
  96  10:44  SCV x2  
  96  10:45  Barracks  
  90  10:53  Marine x3  
  90  10:56  SCV, Marine  
  85  11:03  Supply Depot  
  85  11:04  Supply Depot  
  85  11:14  Marauder  
  85  11:15  Marauder  
  85  11:17  Refinery  
  89  11:20  Orbital Command  
  89  11:21  Refinery  
  89  11:26  Marine x2  
  89  11:28  SCV x2  
  89  11:32  Barracks Tech Lab, Barracks Reactor  
  93  11:39  Liberator  
  93  11:40  Marauder x2, SCV x2  
  93  11:45  Liberator  
  99  11:52  Marauder, SCV  
  99  11:54  Ghost Academy  
  102  11:58  Factory Reactor  
  108  12:10  SCV x3  
  108  12:15  Missile Turret  
  111  12:26  Marauder x2, Marine x2  
  111  12:29  SCV x2  
  119  12:30  Liberator x2  
  112  12:49  Marauder x3, Marine x3  
  117  13:00  Marine  
  116  13:10  Marauder x3, Marine x3  
  123  13:21  Marine  
  124  13:28  Marine  
  124  13:31  Marauder x3, Marine x2  
  132  13:43  Marine  
Show
View Real Time Build Order
Export as new Build Order

ȎlȎ Protoss 

Build Orders: Proxy Void Ray 

Get SALT Encoding   

  12  0:01  Probe  
  13  0:13  Probe  
  14  0:18  Pylon  
  14  0:25  Probe  
  15  0:34  Probe  
  15  0:36  Gateway  
  15  0:42  Probe  
  16  0:48  Assimilator  
  17  0:52  Probe  
  18  1:04  Probe, Assimilator  
  19  1:16  Probe  
  20  1:26  Zealot  
  20  1:27  Cybernetics Core  
  20  1:30  Pylon  
  22  1:33  Probe  
  23  1:48  Probe  
  23  1:53  Adept  
  24  2:00  Probe  
  25  2:06  Stargate  
  27  2:11  Warp Gate  
  27  2:16  Pylon  
  27  2:23  Stalker  
  29  2:39  Void Ray  
  33  3:09  Pylon  
  33  3:10  Sentry  
  33  3:12  Shield Battery  
  35  3:15  Gateway  
  35  3:25  Void Ray  
  35  3:30  Gateway  
  35  3:33  Shield Battery  
  37  3:50  Shield Battery  
  37  3:55  Gateway  
  37  4:00  Sentry  
  39  4:03  Shield Battery  
  39  4:10  Shield Battery  
  39  4:14  Sentry  
  41  4:26  Stalker  
  41  4:40  Stalker x2  
  45  4:55  Stalker  
  46  5:19  Nexus  
  46  5:33  Sentry  
  46  5:40  Twilight Council  
  46  5:43  Pylon  
  46  5:57  Probe  
  46  6:03  Pylon  
  47  6:10  Probe  
  48  6:12  Forge  
  44  6:22  Zealot x2  
  44  6:23  Zealot  
  46  6:28  Charge  
  46  6:30  Shield Battery  
  46  6:40  Dark Shrine  
  46  6:49  Protoss Ground Armor Level 1  
  46  7:04  Zealot x2  
  46  7:06  Probe  
  46  7:07  Probe  
  51  7:14  Probe  
  52  7:20  Probe  
  54  7:26  Photon Cannon  
  54  7:28  Probe  
  49  7:44  Zealot x2  
  49  7:45  Zealot  
  49  7:49  Probe  
  53  7:52  Probe  
  53  7:57  Probe  
  55  8:04  Probe  
  57  8:06  Probe  
  57  8:09  Dark Templar  
  57  8:10  Zealot  
  62  8:17  Zealot x2  
  46  8:32  Probe  
  46  8:33  Probe  
  44  8:37  Nexus  
  44  8:40  Protoss Ground Armor Level 2  
  44  8:42  Sentry, Dark Templar  
  44  8:46  Dark Templar  
  50  8:51  Robotics Facility  
  50  8:57  Assimilator  
  50  9:07  Gateway x2  
  50  9:19  Probe x2  
  50  9:21  Dark Templar  
  50  9:22  Zealot  
  54  9:31  Photon Cannon, Probe  
  54  9:37  Probe  
  54  9:38  Immortal, Gateway  
  56  9:43  Probe  
  57  9:52  Archon  
  61  9:54  Probe x2  
  61  9:55  Probe  
  64  10:07  Dark Templar x2  
  68  10:19  Zealot x3  
  62  10:36  Zealot  
  62  10:40  Zealot, Dark Templar  
  62  10:41  Zealot x3  
  62  10:52  Probe  
  62  10:55  Probe x2  
  62  10:56  Protoss Ground Weapons Level 1  
  63  11:00  Probe  
  63  11:01  Shadow Stride  
  63  11:02  Assimilator  
  63  11:05  Assimilator  
  63  11:07  Probe  
  63  11:09  Probe  
  63  11:10  Forge  
  65  11:17  Probe  
  67  11:19  Probe  
  67  11:20  Assimilator, Dark Templar x2  
  67  11:21  Probe, Dark Templar  
  75  11:33  Probe  
  76  11:40  Pylon  
  76  11:45  Probe  
  77  11:50  Protoss Shields Level 1  
  77  11:53  Pylon  
  77  11:54  Pylon  
  77  11:58  Immortal, Pylon, Probe  
  82  12:04  Pylon, Probe  
  82  12:05  Gateway  
  83  12:10  Probe  
  83  12:13  Gateway  
  84  12:17  Zealot  
  84  12:18  Zealot x3  
  84  12:22  Probe  
  73  12:45  Zealot, Dark Templar x2  
  73  12:46  Zealot x2  
  77  12:57  Zealot  
  63  13:07  Zealot x4  
  63  13:10  Stalker  
  66  13:20  Stalker x3  
  69  13:28  Dark Templar x2  
  71  13:39  Dark Templar  
  71  13:40  Zealot  
  63  13:50  Zealot  
Tags
 
Add a new tag
Caveats
  • Supply blocks, unpowered buildings, or Contaminate may cause inaccurate times.
  • Supply counts are checked every 10 seconds.